 Dungeon Crawl Stone Soup version 0.18-a0-1683-gf9322e6 (webtiles) character file.

65836 namelastname112 the Fencer (level 14, -14/190 HPs)
             Began as a Black Draconian Berserker on Apr 3, 2016.
             Was a High Priest of Trog.
             Demolished by a stone giant (27 damage)
             ... on level 15 of the Dungeon.
             The game lasted 00:36:43 (21553 turns).

namelastname112 the Fencer (DrBe)                  Turns: 21553, Time: 00:36:43

Health: -14/190    AC: 14    Str: 27    XL:     14   Next: 77%
Magic:  17/17      EV: 24    Int:  7    God:    Trog [*****.]
Gold:   1061       SH: 18    Dex: 14    Spells: 0 memorised, 13 levels left

rFire  . . .     SeeInvis .     N - +3 scimitar (drain)
rCold  + . .     Gourm    .     (armour unavailable)
rNeg   . . .     Faith    .     Z - +0 shield
rPois  .         Spirit   .     a - +2 hat of the High Council {Archmagi, Wiz- Stlth-}
rElec  +         Dismiss  .     p - +0 cloak
rCorr  .         Reflect  +     L - +0 pair of gloves
SustAt .         Harm     .     t - +1 pair of boots
MR     +....                    R - +5 amulet of reflection
Stlth  ..........               Y - +6 ring of evasion
                                G - ring of protection from cold

@: berserking (expiring), short of breath, very quick, somewhat resistant to
hostile enchantments, extremely unstealthy
A: breathe lightning, unfitting armour, big wings, electricity resistance,
cold-blooded, AC +8
a: Breathe Lightning, Fly, Berserk, Trog's Hand, Brothers in Arms, Burn
Spellbooks, Renounce Religion


You were on level 15 of the Dungeon.
You worshipped Trog.
Trog was extremely pleased with you.
You were not hungry.

You visited 3 branches of the dungeon, and saw 17 of its levels.

You collected 1061 gold pieces.

Inventory:

Hand Weapons
 N - a +3 scimitar of draining (weapon)
 X - a +0 scimitar of flaming
Missiles
 P - a throwing net (quivered)
Armour
 a - the +2 hat of the High Council (worn) {Archmagi, Wiz- Stlth-}
   (You found it on level 5 of the Dungeon)

   It makes you less stealthy.
 p - a +0 cloak (worn)
 t - a +1 pair of boots (worn)
 L - a +0 pair of gloves (worn)
 Z - a +0 shield (worn)
Jewellery
 m - an uncursed ring of see invisible
 u - an uncursed ring of wizardry
 x - an uncursed ring of positive energy
 G - a ring of protection from cold (left hand)
 K - an uncursed ring of protection from fire
 R - a +5 amulet of reflection (around neck)
 Y - a +6 ring of evasion (right hand)
Wands
 e - a wand of flame (24/48)
 z - a wand of digging (21/24)
 D - a wand of disintegration (0/24)
 I - a wand of enslavement (15/24)
 T - a wand of digging (16/24)
 U - a wand of confusion (10/48)
 V - a wand of teleportation (3/9)
Scrolls
 d - 7 scrolls of remove curse
 l - 6 scrolls of magic mapping
 o - 8 scrolls of teleportation
 s - 3 scrolls of recharging
 w - 2 scrolls of fog
 y - 3 scrolls of enchant weapon
 O - 5 scrolls of amnesia
 Q - 2 scrolls of enchant armour
Potions
 f - a potion of magic {unknown}
 g - 2 potions of ambrosia {unknown}
 i - a potion of beneficial mutation {unknown}
 j - 5 potions of might
 k - 3 potions of flight
 n - 5 potions of heal wounds {unknown}
 r - 2 potions of curing
 v - 3 potions of cure mutation {unknown}
 A - 2 potions of cancellation
 B - 3 potions of mutation {unknown}
 C - 2 potions of agility
 E - a potion of haste
 F - a potion of berserk rage
 H - a potion of resistance
 M - 3 potions of brilliance
Books
 S - an Akashic Record

   Spells                             Type                      Level
   a - Dispersal                      Translocation                6
   b - Malign Gateway                 Summoning/Translocation      7
   c - Disjunction                    Translocation                8
   d - Controlled Blink               Translocation                8
   Trog disapproves of the use of such an item.
Comestibles
 b - 12 bread rations
 c - 2 meat rations
 h - 13 fruits
 J - 6 beef jerkies


   Skills:
 + Level 12.7 Fighting
 * Level 16.1 Long Blades
 + Level 11.1 Dodging
 + Level 11.4 Shields
 - Level 4.5 Evocations


You had 13 spell levels left.
You didn't know any spells.

Dungeon Overview and Level Annotations

Branches:
Dungeon (15/15)            Temple (1/1) D:4            Lair (0/8) D:8
    Orc (0/2) D:10         Vaults (0/5) D:13         Depths (1/5) D:15

Altars:
Ashenzari
Cheibriados
Dithmenos
Elyvilon
Fedhas
Gozag
Kikubaaqudgha
Makhleb
Nemelex Xobeh
Okawaru
Pakellas
Qazlal
Ru
Sif Muna
Trog
Vehumet
Xom
Yredelemnul
Zin
The Shining One
Jiyva

Shops:
D:7 }   D:8 }   D:15 %

Portals:
Trove: D:11 (give 15 scrolls of identify)


Innate Abilities, Weirdness & Mutations

You can breathe wild blasts of lightning.
Your glossy black scales are hard (AC +8).
Your body does not fit into most forms of armour.
Your large and strong wings let you fly indefinitely.
You are resistant to electric shocks.
You are cold-blooded and may be slowed by cold attacks.


Message History

You slash the spriggan berserker!
The spriggan berserker is almost dead.
You block the purple very ugly thing's attack.
The spriggan berserker hits you with a flail!!!
* * * LOW HITPOINT WARNING * * *
You slice the spriggan berserker!!
You kill the spriggan berserker!
Trog accepts your kill.
Your shield prevents you from hitting the purple very ugly thing.
The purple very ugly thing is lightly wounded.
The purple very ugly thing punches you.
* * * LOW HITPOINT WARNING * * *
You slash the purple very ugly thing! You drain the purple very ugly thing!
Your tail-slap misses the purple very ugly thing.
The purple very ugly thing is moderately wounded.
You slice the purple very ugly thing!! You drain the purple very ugly thing!
The purple very ugly thing is severely wounded.
You block the purple very ugly thing's attack.
The stone giant hits you!!
You die...

#.###################.....
#......##.....##..........
#.######.......###########
#.# #..#####..# #.#
#[.#)(.#..### # #.#
#..[C>[#..[.# ##
#(#####..#...#.[#[#######§
#.....#.C#####..#.......§§
#..(..##u@.....##.......#§
#########.....############
####### #.
#########################.
#.........................
#.........................
#.#################...####
#.# #...# #.# #...#


You could see a purple very ugly thing and a stone giant.

Vanquished Creatures
  3 stone giants (D:15)
  Nessos (D:12)
  2 fire dragons (D:15)
  2 entropy weavers (D:15)
  The ghost of Uberwunderbarhen the Nimble, a journeyman OpTm of Makhleb (D:13)
  A hydra (D:14)
  3 centaur warriors
  A tengu warrior (D:15)
  An ogre mage (D:15)
  A spriggan berserker (D:15)
  4 unseen horrors
  A deep troll (D:13)
  A giant orange brain (D:15)
  10 hill giants
  A lindwurm (D:13)
  2 wizards (D:15)
  2 wolf spiders (D:15)
  11 ugly things
  A griffon (D:15)
  A manticore (D:15)
  4 cyclopes
  An orc sorcerer (D:15)
  2 deep elf magi
  An octopode (shapeshifter) (D:13)
  3 centaur zombies
  3 gargoyles
  3 centaur skeletons (D:15)
  A yaktaur (D:15)
  2 efreet
  3 kobold demonologists
  6 trolls
  4 two-headed ogres
  A tengu conjurer (D:15)
  A wolf spider simulacrum (D:15)
  6 slime creatures (D:14)
  Sigmund (D:4)
  34 yaks
  2 wraiths
  A shadow (D:15)
  A wyvern (D:13)
  2 basilisks
  2 hungry ghosts (D:10)
  7 vampire mosquitoes
  A hippogriff (shapeshifter) (D:15)
  3 hippogriffs
  A mottled dragon (D:13)
  A water moccasin (D:11)
  10 orc warriors
  2 porcupines (D:8)
  4 ice beasts
  2 sky beasts
  A wasp (D:10)
  2 black bears
  14 ogres
  4 phantoms
  15 centaurs
  7 boggarts (Depths:1)
  A crocodile (D:12)
  5 big kobolds
  4 giant frogs
  A wyvern zombie (D:11)
  4 gnoll sergeants
  2 wyvern skeletons (D:8)
  5 scorpions
  6 wights
  13 killer bees
  3 howler monkeys
  2 crimson imps
  2 giant frog zombies
  6 orc priests
  6 hounds
  6 jellies
  Crazy Yiuf (D:7)
  21 orc wizards
  3 giant frog skeletons
  An iguana (D:14)
  13 worker ants
  3 sheep (D:13)
  A hound zombie (D:6)
  A hound skeleton (D:11)
  2 howler monkey zombies
  A worker ant zombie (D:8)
  3 howler monkey skeletons
  4 gnolls (D:11)
  12 adders
  3 shadow imps
  2 oozes
  7 adder skeletons
  2 adder zombies
  3 giant geckos
  58 orcs
  A ball python (D:1)
  9 bats
  4 giant cockroaches
  4 goblins
  7 hobgoblins
  20 jackals
  8 quokkas
  3 giant newts
  11 kobolds
  3 quokka skeletons
  5 rats
490 creatures vanquished.

Vanquished Creatures (collateral kills)
  A centaur zombie (D:11)
  A troll (D:10)
  6 yaks (D:8)
  An orc warrior (D:10)
  A crocodile (D:8)
  A big kobold (D:10)
  2 orcs (D:10)
13 creatures vanquished.

Vanquished Creatures (others)
  A stone giant (Depths:1)
  A cyclops (D:14)
  5 yaktaurs (Depths:1)
  An orc (D:10)
  A fungus (D:8)
  A plant (D:8)
  A toadstool (D:8)
11 creatures vanquished.

Grand Total: 514 creatures vanquished

Notes
Turn   | Place    | Note
--------------------------------------------------------------
     0 | D:1      | namelastname112 the Draconian Berserker began the quest for the Orb.
     0 | D:1      | Reached XP level 1. HP: 19/19 MP: 1/1
   259 | D:1      | Reached XP level 2. HP: 22/26 MP: 2/2
   925 | D:2      | Reached skill level 1 in Shields
   925 | D:2      | Reached XP level 3. HP: 31/31 MP: 3/3
   933 | D:2      | Reached ** piety under Trog
  1225 | D:2      | Reached skill level 4 in Long Blades
  1254 | D:2      | Found a shattered altar of Ashenzari.
  1339 | D:2      | Reached XP level 4. HP: 30/40 MP: 4/4
  2532 | D:4      | Noticed Sigmund
  2541 | D:4      | Killed Sigmund
  2541 | D:4      | Reached skill level 5 in Long Blades
  2541 | D:4      | Reached XP level 5. HP: 47/47 MP: 5/5
  2541 | D:4      | Reached XP level 6. HP: 53/53 MP: 6/6
  2585 | D:4      | Found a staircase to the Ecumenical Temple.
  2616 | Temple   | Entered the Ecumenical Temple
  2777 | D:4      | Reached *** piety under Trog
  3649 | D:4      | Found a burning altar of Makhleb.
  3675 | D:4      | Your scales start taking on a glossy black colour.
  3675 | D:4      | Reached XP level 7. HP: 60/60 MP: 7/7
  3675 | D:4      | Gained mutation: You are resistant to electric shocks. [Black Draconian growth]
  3712 | D:5      | Entered Level 5 of the Dungeon
  3896 | D:5      | Reached skill level 6 in Long Blades
  3985 | D:5      | Reached skill level 5 in Fighting
  4189 | D:5      | Found a deep blue altar of Sif Muna.
  4208 | D:5      | Received a gift from Trog
  4518 | D:6      | Reached XP level 8. HP: 63/69 MP: 6/8
  4539 | D:6      | Reached skill level 7 in Long Blades
  4802 | D:6      | Reached skill level 5 in Dodging
  5440 | D:6      | Found a glowing silver altar of Zin.
  5541 | D:7      | Reached skill level 8 in Long Blades
  5657 | D:7      | Reached XP level 9. HP: 78/78 MP: 6/9
  5705 | D:7      | Found a bloodstained altar of Trog.
  5711 | D:7      | Reached **** piety under Trog
  5800 | D:7      | Found Qiegack's Gadget Boutique.
  5858 | D:7      | Reached skill level 5 in Shields
  6062 | D:7      | Found a glowing golden altar of the Shining One.
  6469 | D:7      | Noticed Crazy Yiuf
  6474 | D:7      | Killed Crazy Yiuf
  6596 | D:8      | Found a staircase to the Lair.
  6603 | D:8      | Reached skill level 9 in Long Blades
  6665 | D:8      | Reached XP level 10. HP: 17/88 MP: 10/10
  6682 | D:8      | Reached skill level 10 in Long Blades
  7114 | D:8      | Found a viscous altar of Jiyva.
  7803 | D:8      | Reached ***** piety under Trog
  7876 | D:8      | Found Riugraag's Gadget Shoppe.
  8532 | D:9      | Received a gift from Trog
  8880 | D:9      | Reached skill level 11 in Long Blades
  9362 | D:9      | Found an ancient bone altar of Kikubaaqudgha.
  9363 | D:9      | Found a basalt altar of Yredelemnul.
  9400 | D:9      | Noticed a white ugly thing
  9413 | D:9      | Killed a white ugly thing
  9570 | D:9      | Found an iron altar of Okawaru.
  9700 | D:9      | Reached XP level 11. HP: 75/95 MP: 11/11
  9754 | D:9      | Reached skill level 12 in Long Blades
  9754 | D:9      | Reached XP level 12. HP: 54/105 MP: 11/15
  9908 | D:10     | Entered Level 10 of the Dungeon
 10038 | D:10     | Found a staircase to the Orcish Mines.
 10482 | D:10     | Found an ancient bone altar of Kikubaaqudgha.
 10971 | D:11     | Received a gift from Trog
 10989 | D:11     | Reached skill level 10 in Fighting
 11027 | D:11     | Reached skill level 13 in Long Blades
 11659 | D:11     | Found a portal to a secret trove of treasure.
 12338 | D:12     | Reached XP level 13. HP: 90/114 MP: 16/16
 12869 | D:12     | Got an ichor-stained battleaxe
 12880 | D:12     | Identified the +4 battleaxe "Reusoneom" {elec, rF+ MR+} (You found it on level 12 of the Dungeon)
 13148 | D:13     | Noticed Uberwunderbarhen's ghost (journeyman OpTm)
 13455 | D:12     | Upgraded the game from 0.18-a0-1677-g2bdad6c to 0.18-a0-1683-gf9322e6
 13506 | D:13     | Noticed Nessos
 13522 | D:12     | Killed Nessos
 13522 | D:12     | Received a gift from Trog
 13822 | D:13     | Reached skill level 14 in Long Blades
 14180 | D:13     | Reached skill level 10 in Dodging
 14465 | D:13     | Reached skill level 10 in Shields
 14599 | D:13     | Found a gate to the Vaults.
 15345 | D:13     | Killed Uberwunderbarhen's ghost
 16805 | D:14     | Received a gift from Trog
 16917 | D:14     | Reached skill level 15 in Long Blades
 17229 | D:15     | Entered Level 15 of the Dungeon
 17255 | D:15     | HP: 4/117 [basilisk (7)]
 17261 | D:15     | Gained mutation: Your large and strong wings let you fly indefinitely. [Black Draconian growth]
 17261 | D:15     | Reached XP level 14. HP: 29/125 MP: 17/17
 17574 | D:15     | Found a shadowy altar of Dithmenos.
 18291 | D:15     | Found Foixor's Food Shoppe.
 18919 | D:15     | Found a staircase to the Depths.
 18983 | Depths:1 | Entered Level 1 of the Depths
 19268 | Depths:1 | Noticed a stone giant
 19860 | Depths:1 | Noticed a fire giant
 19867 | D:15     | Killed a stone giant
 19901 | Depths:1 | Noticed a stone giant
 19904 | Depths:1 | Noticed a stone giant
 19905 | Depths:1 | Noticed a vampire knight
 20244 | Depths:1 | Noticed a stone giant
 20248 | Depths:1 | Noticed a stone giant
 20253 | Depths:1 | Killed a stone giant
 20480 | Depths:1 | Noticed a stone giant
 20763 | Depths:1 | Noticed a stone giant
 20773 | D:15     | Killed a stone giant
 21307 | Depths:1 | Noticed a purple very ugly thing
 21350 | D:15     | Killed a stone giant
 21350 | D:15     | Reached skill level 16 in Long Blades
 21530 | Depths:1 | Noticed a stone giant
 21553 | D:15     | Demolished by a stone giant

Vault maps used:
D:1:      erik_arrival_blinker_ship, minmay_cut_off
D:2:      wad_lake_hut, old_standard_altar, first_bread
D:4:      nicolae_overflow_hidden_temple, minmay_temple_entry_mist, uniq_sigmund
D:5:      nicolae_overflow_crystal_walls
D:6:      lemuel_round_altar, hangedman_decor_opposing
D:7:      tso_metal_star, serial_shops, nicolae_shop_stone, grunt_ogre_cave,
          trog_hazing_becter, uniq_crazy_yiuf_cottage
D:8:      minmay_lair_entry_grove, serial_shops, nicolae_shop_trees,
          lasty_cornered_adventurer
D:9:      lemuel_crystal_altar, gammafunk_temple_overflow_statue
D:10:     kennysheep_orc_monster_closet_entryway, basic_altar,
          minmay_fountain_box
D:11:     nicolae_trove_entry_columns, kennysheep_pointless_box, st_stairs_5,
          minmay_misc_feat_nine_boxes
D:12:     kennysheep_small_square
D:13:     david_vaults_4, minivault_20, uniq_nessos
D:14:     roderic_lattice_octagonal_star
D:15:     grunt_enter_depths_magical_seal, grunt_dithmenos_smoke_and_mirrors,
          serial_shops, nicolae_shop_behind_doors
Temple:   eino_temple_water_12
Depths:1: hangedman_cross_stitches, grunt_hell_horde, spider_trap,
          hangedman_decor_growths, door_vault

Skill      XL: |  1  2  3  4  5  6  7  8  9 10 11 12 13 14 |
---------------+-------------------------------------------+-----
Shields        | 1 2 3 4 6 7 8 9 10 11 | 11.4
Dodging        | 3 4 5 6 7 8 9 10 11 | 11.1
Long Blades    | 4 5 6 8 9 11 12 13 15 16 | 16.1
Fighting       | 4 5 6 7 8 9 10 11 12 | 12.7
Evocations     | 4 |  4.5

Action                   |  1- 3 |  4- 6 |  7- 9 | 10-12 | 13-15 || total
-------------------------+-------+-------+-------+-------+-------++-------
Melee: Falchion          |   125 |   140 |    20 |       |       ||   285
       Long sword        |       |       |    86 |       |       ||    86
       Scimitar          |       |       |   222 |   712 |   776 ||  1710
Throw: Throwing net      |       |       |       |     2 |     1 ||     3
Invok: Berserk           |       |     4 |     6 |     5 |    13 ||    28
       Burn Spellbooks   |       |       |     1 |     1 |     1 ||     3
       Trog's Hand       |       |       |     2 |     4 |     4 ||    10
       Brothers in Arms  |       |       |     1 |     2 |       ||     3
 Abil: Breathe Lightning |       |       |     2 |    13 |    15 ||    30
Evoke: Wand              |       |       |     1 |     2 |     3 ||     6
  Use: Scroll            |     1 |       |       |    24 |     5 ||    30
       Potion            |       |       |       |     4 |     4 ||     8
 Stab: Sleeping          |     1 |       |       |       |       ||     1
       Invisible         |       |       |       |       |     1 ||     1
  Eat: Chunk             |     1 |    11 |     9 |    22 |    12 ||    55
       Meat ration       |       |       |     1 |     1 |     7 ||     9
       Fruit             |       |       |     1 |     4 |       ||     5
       Pizza             |       |       |     1 |       |       ||     1
       Beef jerky        |       |       |       |     1 |     1 ||     2
